Map: Rovine di Seras

Players

Kloros - Winner!

  • Race: Protoss Protoss
  • League: Bronze

Jhyrachy

  • Race: Zerg Zerg
  • League: Silver

VOD

Have the link to the VOD?

Description

Time

  • Played on: Dec. 20, 2015, 7:22 a.m.
  • Length: 12:43
Show
View Real Time Build Order
Export as new Build Order

Kloros Protoss - Winner!

Build Orders:  

Get SALT Encoding   

  12  0:02  Probe (Chrono Boost)  
  13  0:12  Probe (Chrono Boost)  
  14  0:21  Pylon  
  14  0:24  Probe (Chrono Boost)  
  15  0:39  Probe (Chrono Boost)  
  15  0:41  Gateway  
  16  0:49  Probe (Chrono Boost)  
  17  0:52  Assimilator  
  17  1:00  Probe (Chrono Boost)  
  18  1:10  Probe (Chrono Boost)  
  19  1:16  Assimilator  
  19  1:21  Probe (Chrono Boost)  
  20  1:26  Gateway  
  20  1:30  Zealot  
  22  1:35  Cybernetics Core  
  22  1:39  Probe (Chrono Boost)  
  23  1:46  Pylon  
  23  2:03  Pylon  
  23  2:04  Probe (Chrono Boost)  
  24  2:12  Warp Gate  
  25  2:17  Mothership Core (Chrono Boost)  
  26  2:23  Adept  
  26  2:24  Adept  
  30  2:35  Probe (Chrono Boost)  
  31  2:45  Probe (Chrono Boost)  
  31  2:48  Forge  
  32  2:52  Twilight Council  
  32  2:59  Probe (Chrono Boost)  
  33  3:08  Pylon  
  33  3:09  Probe (Chrono Boost)  
  34  3:20  Protoss Ground Weapons Level 1 (Chrono Boost)  
  34  3:28  Charge  
  34  3:30  Probe  
  35  3:42  Probe  
  36  3:54  Probe  
  37  3:57  Nexus  
  37  4:21  Pylon  
  37  4:22  Pylon  
  37  4:26  Pylon  
  37  4:41  Stalker x2  
  41  4:59  Gateway  
  41  5:01  Gateway  
  41  5:03  Gateway  
  41  5:05  Pylon  
  41  5:06  Probe  
  42  5:12  Probe  
  43  5:18  Probe  
  44  5:23  Probe  
  44  5:25  Templar Archives  
  45  5:30  Probe  
  45  5:33  Probe  
  47  6:09  Stalker x3  
  47  6:10  Stalker x2  
  57  6:26  Probe  
  58  6:36  Pylon  
  58  6:37  Probe, Pylon  
  59  6:40  Stalker x5  
  69  6:47  Probe  
  69  6:49  Protoss Ground Weapons Level 2 (Chrono Boost)  
  70  6:58  Probe, Gateway  
  70  6:59  Gateway  
  70  7:10  Robotics Facility  
  70  7:12  Probe  
  71  7:23  Probe  
  72  7:33  Probe  
  73  7:43  Zealot  
  73  7:44  Probe, Zealot x4  
  84  7:57  Observer  
  85  8:02  Pylon  
  85  8:21  Stalker x5  
  85  8:22  Stalker  
  85  8:26  Zealot  
  99  8:56  Stalker x4  
  99  8:57  Stalker  
  88  9:34  Zealot x2  
  72  9:48  Zealot x2  
  72  9:49  Zealot x3  
  82  10:04  Observer  
  83  10:12  Zealot x2  
  83  10:13  Zealot x5  
  97  10:19  Psionic Storm  
  97  10:25  Observer  
  97  10:28  Protoss Ground Weapons Level 3 (Chrono Boost)  
  88  10:58  Stalker  
  88  10:59  Stalker x4  
  98  11:11  Zealot  
  98  11:12  Zealot  
  90  11:37  Zealot  
  90  11:38  Zealot x6  
  100  11:59  Stalker x3  
  100  12:00  Stalker  
Show
View Real Time Build Order
Export as new Build Order

Jhyrachy Zerg 

Build Orders: Hatch First, Lurkers 

Get SALT Encoding   

  12  0:02  Drone  
  13  0:13  Overlord  
  13  0:18  Drone  
  14  0:31  Drone x2  
  16  0:36  Drone  
  17  0:58  Hatchery, Drone  
  17  1:07  Extractor  
  17  1:08  Drone  
  17  1:10  Drone  
  18  1:19  Drone  
  19  1:33  Spawning Pool, Drone  
  19  2:04  Hatchery  
  18  2:11  Drone  
  19  2:21  Queen  
  21  2:24  Queen  
  21  2:25  Drone x3  
  26  2:31  Overlord  
  26  2:43  Drone x2  
  28  2:51  Zergling x2  
  29  3:03  Queen  
  31  3:07  Lair  
  31  3:10  Drone  
  31  3:11  Drone x4  
  36  3:20  Queen  
  36  3:26  Drone x2  
  40  3:51  Drone x2  
  40  3:53  Overlord x2  
  41  4:22  Hydralisk Den  
  41  4:23  Drone x2  
  41  4:24  Drone x3  
  45  4:27  Extractor  
  45  4:30  Queen  
  46  4:38  Spine Crawler  
  45  4:40  Extractor  
  45  4:44  Spine Crawler  
  43  4:59  Overlord x2  
  43  5:00  Overlord x2  
  43  5:01  Overlord  
  43  5:20  Hydralisk x3  
  43  5:21  Hydralisk x7  
  63  5:38  Extractor  
  63  5:39  Drone x6  
  68  5:43  Hydralisk x4  
  76  5:59  Queen  
  76  6:02  Queen  
  80  6:08  Muscular Augments  
  80  6:14  Drone x2  
  80  6:15  Drone x2  
  80  6:16  Drone  
  85  6:40  Overlord  
  85  6:41  Overlord x3  
  85  7:09  Overseer x2  
  85  7:10  Pneumatized Carapace  
  85  7:15  Queen  
  87  7:51  Evolution Chamber  
  87  7:52  Lurker Den  
  87  7:56  Evolution Chamber  
  85  8:25  Queen x3  
  91  8:32  Hatchery  
  90  8:44  Hydralisk  
  90  8:45  Hydralisk x15  
  120  8:55  Zerg Ground Armor Level 1, Zerg Missile Weapons Level 1  
  72  9:43  Hydralisk x2  
  72  9:44  Hydralisk x17  
  90  9:59  Queen  
  92  10:27  Lurker x4  
  92  10:28  Lurker  
  62  10:51  Lurker  
  63  11:07  Drone  
  63  11:08  Drone x7  
  63  11:10  Zergling x26  
  63  11:11  Zergling x6  
  62  11:43  Hydralisk x4  
  62  11:44  Hydralisk x4  
  59  12:12  Lurker x2  
  59  12:14  Lurker  
  56  12:18  Lurker  
Tags
 
Add a new tag
Caveats
  • Supply blocks, unpowered buildings, or Contaminate may cause inaccurate times.
  • Supply counts are checked every 10 seconds.